 Dungeon Crawl Stone Soup version 0.28.0-53-g5a82cb258f (webtiles) character file.

Game seed: 18249328712762885341

13276 issech the Basher (level 11, -8/90 HPs)
             Began as a Minotaur Monk on May 24, 2022.
             Was an Elder of Hepliaklqana.
             Mangled by a centaur warrior
             ... wielding the +5 halberd "Mumie" {vamp, rC+}
              (14 damage)
             ... while paralysed by an ogre mage
             ... on level 10 of the Dungeon.
             The game lasted 00:42:54 (10671 turns).

issech the Basher (Minotaur Monk)                  Turns: 10671, Time: 00:42:55

Health: -8/90      AC: 17    Str: 15    XL:     11   Next: 73%
Magic:  10/10      EV:  2    Int:  7    God:    Hepliaklqana [****..]
Gold:   683        SH:  0    Dex: 24    Spells: 10/10 levels left

rFire   . . .      SeeInvis .   b - +3 dire flail (protect)
rCold   . . .      Faith    .   (shield currently unavailable)
rNeg    . . .      Spirit   .   C - +2 scale mail {rPois}
rPois   +          Reflect  .   (helmet restricted)
rElec   .          Harm     .   (no cloak)
rCorr   .          Rampage  .   (no gloves)
Will    .....                   s - +2 pair of boots
Stlth   ++........              (no amulet)
HPRegen 0.25/turn               Q - +4 ring of protection
MPRegen 0.12/turn               j - +6 ring of dexterity

@: paralysed
A: reduced essence, horns 2, retaliatory headbutt
a: Renounce Religion, Recall Ancestor, Ancestor Identity, Transference, Idealise


You were on level 10 of the Dungeon.
You worshipped Hepliaklqana.
Hepliaklqana was greatly pleased with you.
You visited 2 branches of the dungeon, and saw 11 of its levels.
You also visited: Sewer.

You collected 683 gold pieces.

Inventory:

Hand Weapons
 b - a +3 dire flail of protection (weapon)
 d - a +4 flail of freezing
 g - a +2 mace of protection
 h - a +0 shortbow
 n - a +0 arbalest
 o - a +2 dagger of venom
 r - a +2 vorpal war axe
 w - a +4 battleaxe of freezing
 y - a +0 hunting sling
 H - a +1 dagger of draining
 U - a +3 morningstar
Missiles
 e - 338 stones (quivered)
 f - 84 bolts
 i - 4 curare-tipped darts
 q - 95 sling bullets
 t - 198 arrows
 u - 40 poisoned darts
 R - 5 boomerangs
 W - 10 javelins
 Z - a throwing net
Armour
 a - a +2 ring mail of willpower
 s - a +2 pair of boots (worn)
 C - a +2 scale mail of poison resistance (worn)
Jewellery
 j - a +6 ring of dexterity (right hand)
 l - an amulet of faith
 v - the ring "Qeerghith" {rN+ Int+4 SInv}
   (You found it on level 3 of the Dungeon)

   [ring of see invisible]

   Int:       It affects your intelligence (+4).
   rN:        It protects you from negative energy.
   SInv:      It lets you see invisible.
 E - a ring of protection from fire
 Q - a +4 ring of protection (left hand)
Wands
 F - a wand of flame (44)
 T - a wand of iceblast (4)
Scrolls
 k - 2 scrolls of magic mapping
 B - 4 scrolls of summoning
 J - a scroll of fear
 K - 3 scrolls of fog
 L - 3 scrolls of teleportation
 N - a scroll of amnesia
 V - a scroll of blinking
 Y - 2 scrolls of holy word {unknown}
Potions
 c - 7 potions of curing {unknown}
 m - 2 potions of mutation {unknown}
 p - a potion of ambrosia {unknown}
 x - a potion of lignification {unknown}
 z - 2 potions of brilliance {unknown}
 A - 2 potions of degeneration {unknown}
 D - 2 potions of flight {unknown}
 G - a potion of haste {unknown}
 I - a potion of cancellation {unknown}
 M - 5 potions of might {unknown}
 O - 2 potions of heal wounds {unknown}


   Skills:
 + Level 10.4 Fighting
 + Level 8.0 Short Blades
 + Level 4.5(9.1) Axes
 + Level 12.2(12.5) Maces & Flails
 + Level 2.6 Crossbows
 + Level 0.9 Throwing
 + Level 9.2 Armour
 + Level 7.0 Dodging
 + Level 5.4 Stealth


You had 10 spell levels left.
You didn't know any spells.
Your spell library contained the following spells:

 Spells                   Type           Power      Damage    Failure   Level
 Animate Skeleton         Necr           0%         N/A       82%         1
 Pain                     Necr           0%         1d4       82%         1
 Gell's Gravitas          Tloc           0%         N/A       99%         3
 Teleport Other           Tloc           0%         N/A       99%         3
 Tukima's Dance           Hex            0%         N/A       99%         3
 Vampiric Draining        Necr           0%         2d6       99%         3
 Airstrike                Air            0%         N/A       100%        4
 Passage of Golubria      Tloc           0%         N/A       100%        4
 Summon Lightning Spire   Summ/Air       0%         N/A       100%        4
 Fireball                 Conj/Fire      0%         3d3       100%        5
 Iskenderun's Battlesphe  Conj           0%         2d6       100%        5
 Lightning Bolt           Conj/Air       0%         1d11      100%        5
 Yara's Violent Unravell  Hex/Tmut       0%         3d3       100%        5
 Conjure Ball Lightning   Conj/Air       0%         3x3d6     100%        6
 Dispersal                Tloc           0%         N/A       100%        6
 Orb of Destruction       Conj           0%         9d5       100%        7


Dungeon Overview and Level Annotations

Branches:
Dungeon (10/15)            Temple (1/1) D:4            Lair (0/6) D:10
  Sewer (visited)
    Orc: D:9-12

Altars:
Ashenzari
Cheibriados
Dithmenos
Elyvilon
Fedhas
Gozag
Hepliaklqana
Kikubaaqudgha
Makhleb
Nemelex Xobeh
Okawaru
Qazlal
Ru
Sif Muna
Trog
Uskayaw
Vehumet
Wu Jian
Xom
Yredelemnul
Zin
The Shining One

Shops:
D:4 **

Annotations:
D:8 3 runed translucent doors, Balder's ghost, novice MiBe
D:10 1 runed translucent door


Innate Abilities, Weirdness & Mutations

Your life essence is reduced to manifest your ancestor. (-10% HP)
You have a pair of horns on your head.
You reflexively headbutt those who attack you in melee.


Message History

You closely miss the ogre mage. You headbutt the ogre mage.
The ogre mage is lightly wounded.
The centaur warrior shoots an arrow.
The arrow hits Decima!!
Decima points at the ogre mage and mumbles some strange words.
The puff of frost hits the ogre mage.
The ogre mage completely misses you.
The centaur warrior shoots an arrow.
The arrow completely misses Decima.
The arrow hits you!
You puncture the ogre mage!
Your weapon exudes an aura of protection.
You headbutt the ogre mage!
The ogre mage is heavily wounded.
The centaur warrior shoots an arrow.
The arrow hits Decima!!
Decima is destroyed!
You barely miss the ogre mage. You headbutt the ogre mage.
The ogre mage is heavily wounded.
The ogre mage points at you and mumbles some strange words.
You suddenly lose the ability to move!
The centaur warrior shoots an arrow.
The arrow hits you! The ogre mage hits you with a +0 flail.
The centaur warrior shoots an arrow.
The arrow hits you but does no damage. The ogre mage hits you with a +0 flail.
The centaur warrior shoots an arrow.
The arrow hits you.
The centaur warrior shoots an arrow.
The arrow hits you!
The ogre mage hits you but does no damage.
The centaur warrior shoots an arrow.
The arrow hits you but does no damage. The ogre mage hits you with a +0 flail.
The centaur warrior unwields a +0 shortbow.
The centaur warrior wields the +5 halberd "Mumie" {vamp, rC+}.
The centaur warrior hits you with the +5 halberd "Mumie" {vamp, rC+}!
* * * LOW HITPOINT WARNING * * *
The centaur warrior kicks you.
* * * LOW HITPOINT WARNING * * *
The ogre mage hits you with a +0 flail.
* * * LOW HITPOINT WARNING * * *
The centaur warrior hits you but does no damage.
The centaur warrior kicks you.
* * * LOW HITPOINT WARNING * * *
The ogre mage hits you but does no damage.
The centaur warrior hits you with the +5 halberd "Mumie" {vamp, rC+}!
You die...

#.#..D.##.....#u...(#.#R...
#.#.##.#D##...##...##.#.###
#.###.##.#.#.#.#...#.##)#
#..#..#.##.#.#.##.##.#..#
##.##.#.#.##.##.#$#.##)####
#..#..##.#.[(#.#+#.#......
#..##.#.##.#|##...##.).)..
#...###.##c)}##...#.))####
#.#.## #@###.##.##.†)#
#.#..#...O# ....#...##
#....##..#. .#c##...#
#.#..[#.. .. #..#...##
#.###.##. ..##.##... #.#
#..#. .....#..## #.####.##
#... #.# #####.......#
.#.#.. # #......##...# #


You could see a centaur warrior and an ogre mage.

Vanquished Creatures
  A hydra (D:10)
  A manticore (D:6)
  A centaur zombie (D:10)
  Prince Ribbit (D:6)
  A hornet (D:9)
  A meliai (D:10)
  14 yaks
  2 shadows
  3 wyverns (D:9)
  2 steam dragons
  A basilisk (D:10)
  7 water moccasins
  Edmund (D:6)
  2 orc warriors
  A black bear (D:5)
  A necrophage (D:6)
  3 wolves (D:9)
  An ogre (D:6)
  A centaur (D:6)
  2 phantoms
  A kobold brigand (D:9)
  4 bullfrogs
  3 killer bees (D:9)
  7 wights (D:9)
  2 howler monkeys
  A gnoll shaman (D:7)
  A hound (D:6)
  An orc priest (D:6)
  A jelly (D:6)
  2 bullfrog skeletons (D:6)
  2 iguanas
  Natasha (twice) (D:2)
  6 orc wizards
  A hell rat (Sewer)
  A hound skeleton (D:5)
  A howler monkey zombie (D:9)
  2 gnolls (D:7)
  5 adders
  4 river rats (Sewer)
  A shadow imp (D:6)
  3 adder skeletons
  4 worms
  3 dart slugs
  14 orcs
  5 endoplasms
  2 giant cockroaches
  7 goblins
  5 hobgoblins
  A quokka (D:1)
  4 ball pythons
  5 bats
  A frilled lizard (D:2)
  16 kobolds
  9 rats
  A spectral kobold (D:3)
175 creatures vanquished.

Vanquished Creatures (collateral kills)
  A two-headed ogre (D:9)
  Urug (D:10)
  A deep elf pyromancer (D:10)
  2 gargoyles
  A wraith (D:9)
  A wyvern (D:10)
  3 yaks
  A basilisk (D:10)
  A steam dragon (D:6)
  2 water moccasins
  2 orc warriors (D:7)
  A sky beast (D:6)
  An ice beast (D:6)
  2 centaurs
  A necrophage (D:4)
  A wolf (D:9)
  A kobold brigand (D:10)
  2 bullfrogs
  A wyvern zombie (D:7)
  3 scorpions
  A water moccasin zombie (D:6)
  A killer bee (D:9)
  A wight (D:9)
  A howler monkey (D:7)
  2 bullfrog zombies
  A centaur zombie (D:9)
  An orc priest (D:5)
  2 jellies
  A bullfrog skeleton (D:7)
  A centaur skeleton (D:6)
  An iguana (D:4)
  A killer bee zombie (D:6)
  3 adders (D:6)
  A howler monkey skeleton (D:6)
  2 gnolls
  2 shadow imps (D:6)
  A white imp (D:7)
  2 ufetubi (D:6)
  A worm (D:4)
  8 orcs
  An endoplasm (D:4)
  A goblin (D:7)
  A hobgoblin (D:4)
  2 jackals (D:4)
  A kobold (D:7)
  2 rats (Sewer)
  A bush (D:10)
72 creatures vanquished.

Vanquished Creatures (others)
  A centaur (D:6)
  A scorpion (D:6)
  An adder (D:6)
  5 battlemagi
  A fungus (D:10)
  18 plants
27 creatures vanquished.

Grand Total: 274 creatures vanquished

Notes
Turn   | Place    | Note
-------+----------+-------------------------------------------
     0 | D:1      | issech the Minotaur Monk began the quest for the Orb.
     0 | D:1      | Reached XP level 1. HP: 19/19 MP: 0/0
   401 | D:1      | Reached XP level 2. HP: 27/27 MP: 1/1
   934 | D:2      | Noticed Natasha
   949 | D:2      | Noticed a crimson imp
   950 | D:2      | Killed Natasha
   951 | D:2      | Reached skill level 1 in Maces & Flails
   951 | D:2      | Reached XP level 3. HP: 26/33 MP: 2/2
  1439 | D:2      | Reached skill level 1 in Armour
  1439 | D:2      | Reached XP level 4. HP: 40/40 MP: 3/3
  1493 | D:2      | Noticed Natasha
  1500 | D:2      | Killed Natasha
  1826 | D:3      | Identified the ring "Qeerghith" {rN+ Int+4 SInv}
  1948 | D:3      | Reached skill level 2 in Maces & Flails
  1948 | D:3      | Reached XP level 5. HP: 47/47 MP: 4/4
  2172 | D:3      | Found a faded altar of an unknown god.
  2470 | D:4      | Found a staircase to the Ecumenical Temple.
  2490 | Temple   | Entered the Ecumenical Temple
  2501 | Temple   | Became a worshipper of Hepliaklqana the Forgotten
  2501 | Temple   | Reached * piety under Hepliaklqana
  2501 | Temple   | Reached ** piety under Hepliaklqana
  2502 | Temple   | Remembered your ancestor Decima as a battlemage
  2752 | D:4      | Found a sacrificial altar of Ru.
  2836 | D:4      | Found Yreon's Specific Store.
  2837 | D:4      | Found Mugelegh's General Store.
  2874 | D:4      | Reached skill level 1 in Short Blades
  2902 | D:4      | Noticed a necrophage
  2909 | D:4      | Killed a necrophage
  2910 | D:4      | Reached skill level 3 in Maces & Flails
  2910 | D:4      | Reached XP level 6. HP: 44/47 MP: 5/5
  2990 | D:4      | Found a glowing drain.
  2999 | Sewer    | Entered a sewer
  3561 | D:5      | Entered Level 5 of the Dungeon
  3587 | D:5      | Reached XP level 7. HP: 53/54 MP: 6/6
  3747 | D:5      | Reached skill level 5 in Fighting
  3749 | D:5      | Reached *** piety under Hepliaklqana
  4272 | D:6      | Found a shimmering altar of Xom.
  4276 | D:6      | Noticed a steam dragon
  4281 | D:6      | Reached skill level 5 in Short Blades
  4284 | D:6      | Reached XP level 8. HP: 27/62 MP: 7/7
  4299 | D:6      | Reached skill level 5 in Armour
  4732 | D:6      | Noticed Edmund
  4751 | D:6      | Killed Edmund
  4875 | D:6      | Noticed Prince Ribbit
  4888 | D:6      | Killed Prince Ribbit
  5085 | D:6      | Reached XP level 9. HP: 65/67 MP: 8/8
  5530 | D:6      | Reached skill level 5 in Dodging
  5537 | D:6      | Reached skill level 4 in Maces & Flails
  5752 | D:6      | Noticed a manticore
  5756 | D:6      | Killed a manticore
  5757 | D:6      | Reached skill level 5 in Maces & Flails
  5757 | D:6      | Reached skill level 1 in Crossbows
  6256 | D:7      | Reached skill level 6 in Maces & Flails
  6453 | D:7      | Found a bloodstained altar of Trog.
  7052 | D:8      | Reached XP level 10. HP: 79/79 MP: 9/9
  7059 | D:8      | Reached skill level 7 in Maces & Flails
  7301 | D:8      | Reached **** piety under Hepliaklqana
  7329 | D:8      | Reached skill level 8 in Maces & Flails
  7526 | D:8      | Found a sparkling altar of Nemelex Xobeh.
  7589 | D:8      | Found a runed translucent gate.
  7589 | D:8      | Noticed a ten-headed hydra
  7590 | D:8      | Found a runed translucent gate.
  7591 | D:8      | Found a runed translucent gate.
  7592 | D:8      | Noticed Balder's ghost (novice MiBe)
  7861 | D:9      | Noticed a gargoyle
  7867 | D:9      | Killed a gargoyle
  8026 | D:9      | Reached skill level 9 in Maces & Flails
  8745 | D:9      | Reached skill level 10 in Maces & Flails
  8776 | D:9      | Noticed a two-headed ogre
  8785 | D:9      | Killed a two-headed ogre
  8935 | D:9      | Reached XP level 11. HP: 83/87 MP: 10/10
  9131 | D:10     | Entered Level 10 of the Dungeon
  9147 | D:9      | Reached skill level 5 in Stealth
  9679 | D:10     | Reached skill level 11 in Maces & Flails
  9739 | D:10     | Found a staircase to the Lair.
  9867 | D:10     | Noticed Urug
  9887 | D:10     | Killed Urug
 10307 | D:10     | Noticed a purple ugly thing
 10309 | D:10     | Noticed a boulder beetle
 10309 | D:10     | Noticed a wizard
 10309 | D:10     | Noticed a deep elf pyromancer
 10309 | D:10     | Noticed a four-headed hydra
 10310 | D:10     | Noticed an ogre mage
 10368 | D:10     | Killed a four-headed hydra
 10369 | D:10     | Reached skill level 10 in Fighting
 10485 | D:10     | Reached skill level 12 in Maces & Flails
 10598 | D:10     | Killed a deep elf pyromancer
 10643 | D:10     | Found a runed translucent door.
 10657 | D:10     | Identified the +5 halberd "Mumie" {vamp, rC+}
 10657 | D:10     | Noticed a centaur warrior
 10664 | D:10     | Paralysed by an ogre mage for 7 turns
 10671 | D:10     | Mangled by a centaur warrior

Illustrated notes

Levels and vault maps discovered:
D:1:      dpeg_arrival_shrine, layout_loops_ring
D:2:      layout_basic, chequers_serial_rivers_micro_d, uniq_natasha
D:3:      layout_rooms, dreamdust_ecumenical_altar_drowned_temple
D:4:      layout_gridville, nicolae_ru_the_path_less_chosen,
          minmay_temple_entry_slanted, cheibrodos_sewer_entry_bend,
          nicolae_specific_store
D:5:      layout_loops_ring, solitary_fountain
D:6:      layout_basic, xom_confusion_cloud, minivault_5, serial_bayou_pond_b,
          minmay_between, uniq_edmund, uniq_prince_ribbit1
D:7:      layout_cave_pools, trog_hazing_becter, st_stairs_7
D:8:      layout_basic, nemelex_spade_bored_becter, gammafunk_ghost_hydra_chop
D:9:      kennysheep_six_static_rooms, layout_long_grid
D:10:     minmay_the_grid_triangle_9x9_recursive_2_mashed
          [minmay_the_grid_triangle_9x9_prize_center,
          minmay_the_grid_triangle_9x9_longest,
          minmay_the_grid_triangle_9x9_subtriangle,
          minmay_the_grid_triangle_9x9_swiss_cheese], layout_loops_ring,
          minmay_lair_entry_grove, uniq_urug
Temple:   mainiacjoe_temple_coin_purse

Skill      XL: |  1  2  3  4  5  6  7  8  9 10 11 |
---------------+----------------------------------+-----
Axes           | 4 |  4.5
Fighting       | 4 5 6 7 9 10 | 10.4
Maces & Flails | 1 2 3 6 10 12 | 12.2
Armour         | 1 2 3 4 6 7 8 9 |  9.2
Stealth        | 2 3 4 5 |  5.4
Dodging        | 4 5 6 7 |  7.0
Short Blades   | 1 2 5 7 8 |  8.0
Crossbows      | 1 2 |  2.6
Throwing       | |  0.9

Action                   |  1- 3 |  4- 6 |  7- 9 | 10-12 || total
-------------------------+-------+-------+-------+-------++-------
Melee: Whip              |    69 |     5 |       |       ||    74
       Headbutt          |    12 |    23 |    65 |    72 ||   172
       Hand axe          |     1 |       |       |       ||     1
       Short sword       |       |   135 |   112 |       ||   247
       Punch             |       |     1 |       |       ||     1
       Dire flail        |       |       |    80 |   247 ||   327
 Fire: Arbalest          |       |       |     6 |     7 ||    13
Throw: Stone             |       |     5 |       |     3 ||     8
Invok: Ancestor Life: Ba |       |     1 |       |       ||     1
       Recall Ancestor   |       |     1 |       |       ||     1
  Use: Scroll            |       |       |     5 |     4 ||     9
 Stab: Distracted        |       |     2 |     1 |     8 ||    11
       Sleeping          |       |       |     2 |     2 ||     4
Armor: Leather armour    |    13 |     4 |       |       ||    17
       Robe              |     1 |       |       |       ||     1
       Chain mail        |       |    70 |    58 |       ||   128
       Ring mail         |       |       |    46 |    30 ||    76
       Scale mail        |       |       |       |    83 ||    83
Dodge: Dodged            |    41 |    61 |   120 |   182 ||   404
